 Dungeon Crawl Stone Soup version 0.22.1-1-ga44c0e56f4 (webtiles) character file.

15014 Nygeryga the Severer (level 11, -6/105 HPs)
             Began as a Minotaur Berserker on Nov 11, 2018.
             Was an Elder of Trog.
             Mangled by a spiny frog (17 damage)
             ... on level 1 of the Lair of Beasts.
             The game lasted 00:43:43 (16258 turns).

Nygeryga the Severer (Minotaur Berserker)          Turns: 16258, Time: 00:43:43

Health: -6/105     AC: 11    Str: 25    XL:     11   Next: 96%
Magic:  10/10      EV:  6    Int:  4    God:    Trog [****..]
Gold:   526        SH:  0    Dex: 10    Spells: 10/10 levels left

rFire    + . .     SeeInvis .   C - +0 battleaxe
rCold    x . .     Gourm    +   (shield currently unavailable)
rNeg     . . .     Faith    .   p - +0 plate armour
rPois    .         Spirit   .   (helmet restricted)
rElec    .         Reflect  .   (no cloak)
rCorr    .         Harm     .   n - +0 pair of gloves
MR       .....                  (no boots)
Stlth    ..........             u - amulet of the gourmand
HPRegen  0.27/turn              g - ring of fire
MPRegen  0.12/turn              D - +3 ring of slaying

@: lethally poisoned (-6 -> -29), extremely drained
A: retaliatory headbutt, horns 2
a: Berserk, Trog's Hand, Brothers in Arms, Renounce Religion


You were on level 1 of the Lair of Beasts.
You worshipped Trog.
Trog was greatly pleased with you.
You were full.

You visited 2 branches of the dungeon, and saw 12 of its levels.

You collected 816 gold pieces.
You spent 290 gold pieces at shops.

Inventory:

Hand Weapons
 A - a +0 war axe
 C - a +0 battleaxe (weapon)
Armour
 b - a +0 animal skin
 n - a +0 pair of gloves (worn)
 p - a +0 plate armour (worn)
Jewellery
 e - an uncursed ring of ice
 g - a ring of fire (left hand)
 q - an uncursed ring of magical power
 u - an amulet of the gourmand (around neck)
 x - an uncursed ring of stealth
 D - a +3 ring of slaying (right hand)
Wands
 y - a wand of acid (8)
 E - a wand of clouds (6)
 F - a wand of disintegration (13)
 L - a wand of paralysis (16)
Scrolls
 f - 7 scrolls of remove curse
 l - 7 scrolls of teleportation
 o - 4 scrolls of amnesia
 r - a scroll of enchant armour
 s - 3 scrolls of immolation
 w - 5 scrolls of enchant weapon
 B - 2 scrolls of identify
 G - 2 scrolls of blinking
 I - a scroll of fear
 J - a scroll of fog
 K - a scroll of torment
Potions
 a - 22 potions of degeneration
 d - a potion of lignification
 h - 2 potions of flight
 i - 3 potions of cancellation
 j - 6 potions of brilliance
 k - a potion of agility
 m - 5 potions of curing
 t - 2 potions of might
 v - 2 potions of haste
 z - 3 potions of ambrosia
 H - a potion of berserk rage
 M - a potion of resistance {unknown}
Comestibles
 c - 19 rations


   Skills:
 + Level 12.3(0.0) Fighting
 - Level 16.0(0.0) Axes
 * Level 10.6(0.0) Armour
 - Level 2.1(0.0) Dodging
 - Level 2.4(0.0) Stealth


You had 10 spell levels left.
You didn't know any spells.
Your spell library was empty.

Dungeon Overview and Level Annotations

Branches:
Dungeon (11/15)            Temple (0/1) D:6            Lair (1/6) D:11
    Orc (0/2) D:10

Altars:
Dithmenos
Elyvilon
Kikubaaqudgha
Sif Muna
Wu Jian
Xom
Yredelemnul

Shops:
D:9 ?

Annotations:
D:8 1 exclusion


Innate Abilities, Weirdness & Mutations

You reflexively headbutt those who attack you in melee.
You have a pair of horns on your head.


Message History

The spiny frog stings you!!
You are more poisoned.
The spiny frog poisons you!
The spiny frog stings you but does no damage.
You feel very sick.
You closely miss the spiny frog. You headbutt the spiny frog.
The spiny frog is severely wounded.
You feel very sick. The spiny frog stings you!
* * * LOW HITPOINT WARNING * * *
The spiny frog stings you!
* * * LOW HITPOINT WARNING * * *
* * * LOW HITPOINT WARNING * * *
You feel very sick.
* * * LOW HITPOINT WARNING * * *
You feel very sick.
* * * LOW HITPOINT WARNING * * *
You feel very sick. The spiny frog stings you!
You die...

##.... #. ..... .....
#...###.....# #......#.....
#......#....# ..#
#...P........ ..# #######
##......#.....
..####P##..####P...........#
...............^@F......)$..
...................#..#...#
...................#..+ .#
...................#....
.<.................#..#...
................>..#.##.....
...#.####............. ....
..#...............P### #.#
..#.........)......# ##


You could see a spiny frog.

Vanquished Creatures
  Harold (D:7)
  Erolcha (D:11)
  2 two-headed ogres
  Sonja (D:11)
  Pikel (D:7)
  2 manticores (D:11)
  An ugly thing (D:11)
  Joseph (D:7)
  A centaur skeleton (D:10)
  A gargoyle (D:11)
  2 polar bears (D:8)
  A merfolk (D:10)
  3 trolls
  3 hippogriffs
  A shadow (D:11)
  10 yaks
  A human (D:10)
  A hungry ghost (D:4)
  The ghost of hemabe the Charlatan, an amateur HuAr (D:4)
  2 ice beasts
  2 porcupines
  A black bear (D:8)
  4 orc warriors
  An eye of draining (D:10)
  A necrophage (D:10)
  A sky beast (D:8)
  4 ogres
  4 centaurs
  2 wolves (D:8)
  2 crocodiles (D:11)
  11 bullfrogs
  A wyvern zombie (D:10)
  6 killer bees (D:7)
  4 scorpions
  9 howler monkeys
  5 wights (D:8)
  3 electric eels (D:8)
  3 crimson imps
  A quasit (D:5)
  2 bullfrog zombies
  11 hounds
  A jelly (D:3)
  12 orc priests
  A bullfrog skeleton (D:11)
  8 worker ants
  6 orc wizards
  2 hound zombies
  A hound skeleton (D:4)
  2 worker ant zombies
  4 adders
  7 gnolls
  3 shadow imps
  An ufetubus (D:8)
  3 adder zombies
  4 adder skeletons
  3 dart slugs
  An adder simulacrum (D:8)
  3 leopard geckos
  26 orcs
  2 giant cockroaches (D:3)
  8 goblins
  7 hobgoblins
  2 jackals
  6 quokkas
  6 bats
  6 frilled lizards
  7 kobolds
  A leopard gecko zombie (D:9)
  2 quokka skeletons
  A quokka zombie (D:7)
  9 rats
  5 fungi (D:11)
  A plant (D:11)
266 creatures vanquished.

Vanquished Creatures (others)
  4 slaves (D:7)
  2 howler monkeys (D:7)
  2 orcs (D:7)
8 creatures vanquished.

Grand Total: 274 creatures vanquished

Notes
Turn   | Place    | Note
-------+----------+-------------------------------------------
     0 | D:1      | Nygeryga the Minotaur Berserker began the quest for the
                  | Orb.
     0 | D:1      | Reached XP level 1. HP: 19/19 MP: 0/0
   206 | D:1      | Reached skill level 4 in Axes
   462 | D:1      | Reached XP level 2. HP: 27/27 MP: 1/1
   826 | D:2      | Reached XP level 3. HP: 33/33 MP: 2/2
  1421 | D:2      | Reached ** piety under Trog
  1608 | D:3      | Reached skill level 5 in Axes
  1608 | D:3      | Reached XP level 4. HP: 26/41 MP: 3/3
  2644 | D:3      | Found a deep blue altar of Sif Muna.
  2644 | D:3      | Found a shadowy altar of Dithmenos.
  2976 | D:4      | Found a transporter.
  3105 | D:4      | Found a transporter.
  3238 | D:4      | Noticed a hungry ghost
  3306 | D:3      | Reached skill level 6 in Axes
  3306 | D:3      | Reached XP level 5. HP: 14/47 MP: 4/4
  3565 | D:4      | Noticed hemabe's ghost (amateur HuAr)
  3996 | D:4      | Killed hemabe's ghost
  3996 | D:4      | Reached skill level 5 in Fighting
  3996 | D:4      | Reached skill level 7 in Axes
  3996 | D:4      | Reached skill level 1 in Stealth
  3996 | D:4      | Reached XP level 6. HP: 56/56 MP: 5/5
  4003 | D:4      | Killed a hungry ghost
  4003 | D:4      | Reached skill level 8 in Axes
  4035 | D:5      | Entered Level 5 of the Dungeon
  4087 | D:5      | Reached XP level 7. HP: 47/61 MP: 6/6
  4448 | D:5      | Reached skill level 9 in Axes
  5323 | D:6      | Reached skill level 10 in Axes
  5337 | D:6      | Reached XP level 8. HP: 45/70 MP: 7/7
  5879 | D:6      | Found a staircase to the Ecumenical Temple.
  5923 | D:6      | Reached *** piety under Trog
  5926 | D:6      | Reached skill level 11 in Axes
  6421 | D:7      | Noticed Pikel
  6438 | D:7      | Killed Pikel
  6438 | D:7      | Reached skill level 12 in Axes
  6460 | D:7      | Reached XP level 9. HP: 62/79 MP: 8/8
  6494 | D:7      | Noticed Harold
  6507 | D:7      | Killed Harold
  6507 | D:7      | Reached skill level 13 in Axes
  6920 | D:7      | Noticed Joseph
  6962 | D:7      | Killed Joseph
  6962 | D:7      | Reached skill level 14 in Axes
  7693 | D:7      | Found a white marble altar of Elyvilon.
  7724 | D:7      | Reached XP level 10. HP: 85/91 MP: 9/9
  7872 | D:7      | Reached **** piety under Trog
  7969 | D:7      | Found a basalt altar of Yredelemnul.
  8512 | D:7      | Found an ancient bone altar of Kikubaaqudgha.
  9297 | D:8      | Reached skill level 10 in Fighting
 10267 | D:8      | Reached skill level 15 in Axes
 11185 | D:9      | Found a shimmering altar of Xom.
 11185 | D:9      | Found an ornate altar of the Wu Jian Council.
 11248 | D:9      | Reached skill level 16 in Axes
 11671 | D:9      | Found Nihucrik's Magic Scroll Shop.
 11674 | D:9      | Bought a scroll of identify for 22 gold pieces
 11674 | D:9      | Bought a scroll of blinking for 82 gold pieces
 11674 | D:9      | Bought a scroll of blinking for 82 gold pieces
 11674 | D:9      | Bought a scroll of enchant weapon for 82 gold pieces
 11674 | D:9      | Bought a scroll of identify for 22 gold pieces
 11918 | D:10     | Entered Level 10 of the Dungeon
 11918 | D:10     | Found a staircase to the Orcish Mines.
 12012 | D:10     | Received a gift from Trog
 12302 | D:10     | Reached XP level 11. HP: 92/101 MP: 10/10
 12771 | D:10     | Reached skill level 5 in Armour
 13329 | D:10     | Noticed a two-headed ogre
 13332 | D:10     | Killed a two-headed ogre
 13804 | D:11     | Noticed a red ugly thing
 13819 | D:11     | Killed a red ugly thing
 13969 | D:11     | Noticed Erolcha
 13976 | D:11     | Killed Erolcha
 14517 | D:11     | Noticed a two-headed ogre
 14636 | D:11     | Killed a two-headed ogre
 14640 | D:11     | Reached skill level 10 in Armour
 15151 | D:11     | Noticed Sonja
 15560 | D:11     | Found a staircase to the Lair.
 15986 | D:11     | Killed Sonja
 16094 | Lair:1   | Entered Level 1 of the Lair of Beasts
 16258 | Lair:1   | Mangled by a spiny frog

Skill      XL: |  1  2  3  4  5  6  7  8  9 10 11 |
---------------+----------------------------------+-----
Axes           | 4 5 6 7 8 10 12 14 16 | 16.0
Fighting       | 4 5 6 7 9 10 12 | 12.3
Stealth        | 1 2 |  2.4
Armour         | 4 10 | 10.6
Dodging        | |  2.1

Action                   |  1- 3 |  4- 6 |  7- 9 | 10-12 || total
-------------------------+-------+-------+-------+-------++-------
Melee: Hand axe          |    78 |    98 |   238 |       ||   414
       Headbutt          |    15 |    15 |    48 |    87 ||   165
       War axe           |       |       |     4 |    85 ||    89
       Battleaxe         |       |       |       |   325 ||   325
Invok: Berserk           |       |     1 |     2 |       ||     3
  Use: Scroll            |       |     6 |       |    16 ||    22
       Potion            |       |       |       |     1 ||     1
 Stab: Invisible         |       |       |       |     2 ||     2
  Eat: Chunk             |     1 |     3 |    18 |    26 ||    48
       Ration            |       |     3 |       |       ||     3
Armor: Animal skin       |     7 |       |       |       ||     7
       Ring mail         |    13 |    21 |       |       ||    34
       Plate armour      |       |    30 |   122 |   237 ||   389
Dodge: Dodged            |    41 |    59 |    60 |   151 ||   311
